 Dungeon Crawl Stone Soup version 0.23.0 (webtiles) character file.

Game seed: 9285716127084999188

125 Borgoz the Skirmisher (level 5, -4/29 HPs)
             Began as a Gargoyle Monk on Feb 17, 2019.
             Killed from afar by an orc wizard (9 damage)
             ... with a puff of flame
             ... on level 3 of the Dungeon.
             The game lasted 00:06:07 (3542 turns).

Borgoz the Skirmisher (Gargoyle Monk)               Turns: 3542, Time: 00:06:08

Health: -4/29      AC:  7    Str: 15    XL:     5   Next: 9%
Magic:  5/5        EV: 15    Int: 13    God:
Gold:   143        SH:  0    Dex: 13    Spells: 4/4 levels left

rFire    . . .     SeeInvis .   a - +0 dagger (pain)
rCold    . . .     Gourm    .   (no shield)
rNeg     + . .     Faith    .   b - +0 robe
rPois    ∞         Spirit   .   (no helmet)
rElec    +         Reflect  .   (no cloak)
rCorr    .         Harm     .   (no gloves)
MR       .....                  s - +0 pair of boots
Stlth    +.........             (no amulet)
HPRegen  0.09/turn              g - +3 ring of intelligence
MPRegen  0.09/turn              k - +2 ring of evasion

@: confused
A: big wings, frail 1, negative energy resistance 1, electricity resistance,
unbreathing, petrification resistance, rot immunity, MP-powered wands, AC +4
a: Fly


You were on level 3 of the Dungeon.
You were hungry.

You visited 1 branch of the dungeon, and saw 4 of its levels.

You collected 143 gold pieces.

Inventory:

Hand Weapons
 a - a +0 dagger of pain (weapon)
Armour
 b - a +0 robe (worn)
 s - a +0 pair of boots (worn)
Jewellery
 g - a +3 ring of intelligence (left hand)
 k - a +2 ring of evasion (right hand)
 o - an uncursed amulet of faith
 t - an uncursed ring of magical power
Scrolls
 d - 2 scrolls of identify
 f - 2 scrolls of teleportation
 h - 2 scrolls of blinking {unknown}
 i - a scroll of amnesia {unknown}
 j - 2 scrolls of enchant weapon {unknown}
 m - 2 scrolls of fog {unknown}
 n - 3 scrolls of remove curse {unknown}
 p - a scroll of noise {unknown}
Potions
 e - a potion of invisibility
 r - a potion of agility {unknown}
Comestibles
 c - 4 rations


   Skills:
 + Level 4.2 Fighting
 + Level 3.4 Short Blades
 + Level 3.1 Dodging
 + Level 3.5 Stealth


You had 4 spell levels left.
You didn't know any spells.
Your spell library contained the following spells:

 Spells                   Type           Power        Failure   Level  Hunger
 Corona                   Hex            #......      30%         1    ##.....
 Summon Small Mammal      Summ           #...         30%         1    ##.....
 Call Imp                 Summ           #.......     43%         2    ###....
 Ensorcelled Hibernation  Hex/Ice        #.....       43%         2    ###....
 Call Canine Familiar     Summ           #.......     67%         3    ####...
 Confuse                  Hex            #.......     67%         3    ####...
 Dazzling Spray           Conj/Hex       #.....       67%         3    ####...
 Summon Guardian Golem    Hex/Summ       #.......     67%         3    ####...
 Tukima's Dance           Hex            #.......     67%         3    ####...
 Summon Ice Beast         Ice/Summ       #.......     97%         4    #####..
 Summon Lightning Spire   Summ/Air       #.......     97%         4    #####..


Dungeon Overview and Level Annotations

Branches:
Dungeon (4/15)
 Temple: D:4-7

Altars:
Yredelemnul


Innate Abilities, Weirdness & Mutations

You are resistant to torment.
Your stone body is resilient. (AC +4)
You are immune to poison.
You resist negative energy. (rN+)
You are resistant to electric shocks. (rElec)
You can survive without breathing.
You are immune to petrification.
You are immune to rotting.
Your large and strong wings let you fly indefinitely.
You are frail. (-10% HP)
You expend magic power (3 MP) to strengthen your wands.


Message History

The puff of flame hits you!
* * * LOW HITPOINT WARNING * * *
Something barely misses you.
You hit something but do no damage. Something hits you.
* * * LOW HITPOINT WARNING * * *
It was a potion of ambrosia.
You are confused.
You feel invigorated.
You hear some strange, mumbled words.
A magic dart appears from out of thin air!
The magic dart hits you.
* * * LOW HITPOINT WARNING * * *
It was a potion of mutation.
You feel extremely strange.
Your wings grow larger and stronger.
You feel frail.
You feel your magical essence link to your wands.
Something barely misses you.
You hear some strange, mumbled words.
A puff of flame appears from out of thin air!
The puff of flame hits you!
You die...

## #######≈##### ...##≈≈≈#...#
##.#≈≈# ###.# #.#≈≈## #.########
#### #..≈≈≈## #........# #...
##.≈≈..##########.# ####...
#..≈.≈..# #####.########......
##.≈≈≈...# #.{@.#......##.##...
##≈.≈≈≈≈≈#####>###.#####.##.##...
##..≈≈≈........# #.##.......##.##
##..≈....####..###.##.......#.##
##.≈≈≈.≈≈..........##).......##
##..≈≈.....##..###..........#.##
....≈≈≈..#.##..# #.##.......##.##
.#..≈≈≈....##..###.##.......###.#
.#≈.≈≈≈.....................# ##.


There were no monsters in sight!

Vanquished Creatures
  2 orc wizards (D:3)
  2 adders
  An ooze (D:1)
  A worm (D:3)
  A dart slug (D:1)
  2 leopard geckos
  3 orcs (D:3)
  4 bats
  6 giant cockroaches
  5 goblins
  5 hobgoblins
  5 jackals (D:3)
  2 frilled lizards (D:1)
  6 kobolds
  8 rats
53 creatures vanquished.

Notes
Turn   | Place    | Note
-------+----------+-------------------------------------------
     0 | D:1      | Borgoz the Gargoyle Monk began the quest for the Orb.
     0 | D:1      | Reached XP level 1. HP: 14/14 MP: 1/1
   477 | D:1      | Reached XP level 2. HP: 13/19 MP: 2/2
   953 | D:1      | You fall through a shaft!
  1220 | D:1      | Reached XP level 3. HP: 16/23 MP: 3/3
  1870 | D:2      | Found a basalt altar of Yredelemnul.
  2614 | D:3      | Reached XP level 4. HP: 25/29 MP: 4/4
  2844 | D:3      | Reached skill level 4 in Fighting
  3529 | D:3      | Reached XP level 5. HP: 29/33 MP: 5/5
  3541 | D:3      | HP: 1/33 [something/magic dart (5)]
  3542 | D:3      | Gained mutation: Your large and strong wings let you fly
                  | indefinitely. [potion of mutation]
  3542 | D:3      | Gained mutation: You are frail. (-10% HP) [potion of
                  | mutation]
  3542 | D:3      | Gained mutation: You expend magic power (3 MP) to
                  | strengthen your wands. [potion of mutation]
  3542 | D:3      | Killed from afar by an orc wizard

Skill      XL: |  1  2  3  4 |
---------------+-------------+-----
Short Blades   | 3 |  3.4
Stealth        | 3 |  3.5
Fighting       | 4 |  4.2
Dodging        | 3 |  3.1

Action                   |  1- 3 |  4- 6 || total
-------------------------+-------+-------++-------
Melee: Short sword       |   134 |       ||   134
       Dagger            |    79 |   119 ||   198
  Use: Scroll            |     2 |       ||     2
       Potion            |       |     3 ||     3
 Stab: Sleeping          |     3 |     2 ||     5
       Distracted        |     1 |     1 ||     2
       Invisible         |       |     2 ||     2
  Eat: Chunk             |     5 |     3 ||     8
Armor: Robe              |    42 |    35 ||    77
Dodge: Dodged            |   140 |    77 ||   217
